IL
LOUISVILLE BATS @ BUFFALO BISONS
06/04/2099
 
TOP OF THE 1ST
Louisville Bats batting - Pitching for Buffalo Bisons : RHP Brian Harvey
Pitching: RHP Brian Harvey
Batting: LHB Edwin Longoria 0-0: Called Strike
0-1: Ball
1-1: Fly out, F7 (Flyball, 78S, EV 84.4 MPH)
Batting: RHB Rodolfo Gutierrez 0-0: Ball
1-0: Called Strike
1-1: Fly out, F7 (Flyball, 7D, EV 106.9 MPH)
Batting: RHB Josh Simms 0-0: Fly out, F3 (Popup, 3L, EV 63.8 MPH)
Top of the 1st over - 0 runs, 0 hits, 0 errors, 0 left on base; Louisville 0 - Buffalo 0
BOTTOM OF THE 1ST
Buffalo Bisons batting - Pitching for Louisville Bats : LHP Seth Jinks
Pitching: LHP Seth Jinks
Batting: RHB Josh Sherman 0-0: Called Strike
0-1: Called Strike
0-2: Strikes out swinging
Batting: LHB Brian Burton 0-0: Fly out, F9 (Flyball, 9, EV 93.1 MPH)
Batting: RHB Justin Marquez 0-0: Called Strike
0-1: Called Strike
0-2: Ball
1-2: Ball
2-2: Strikes out looking
Bottom of the 1st over - 0 runs, 0 hits, 0 errors, 0 left on base; Louisville 0 - Buffalo 0
TOP OF THE 2ND
Louisville Bats batting - Pitching for Buffalo Bisons : RHP Brian Harvey
Batting: RHB Rich Bruce 0-0: Ball
1-0: Ball
2-0: Ground out 6-3 (Groundball, 6, EV 79.4 MPH)
Batting: RHB Andy Jackson 0-0: Called Strike
0-1: Fly out, F9 (Flyball, 89M, EV 84.4 MPH)
Batting: RHB Manny Hernandes 0-0: Ball
1-0: Ball
2-0: Called Strike
2-1: Called Strike
2-2: Fly out, F7 (Flyball, 78S, EV 95.6 MPH)
Top of the 2nd over - 0 runs, 0 hits, 0 errors, 0 left on base; Louisville 0 - Buffalo 0
BOTTOM OF THE 2ND
Buffalo Bisons batting - Pitching for Louisville Bats : LHP Seth Jinks
Batting: RHB Joe Everson 0-0: Called Strike
0-1: Ball
1-1: Ball
2-1: Foul Ball, location: 2F
2-2: Ball
3-2: Base on Balls
Batting: LHB Matt Formosa 0-0: Ball
1-0: Ball
2-0: Grounds into double play, 5-4-3 (Groundball, 56, EV 91.3 MPH)
Batting: RHB Nate Maine 0-0: Ball
1-0: Called Strike
1-1: Fly out, F5 (Line Drive, 5, EV 65.0 MPH)
Bottom of the 2nd over - 0 runs, 0 hits, 0 errors, 0 left on base; Louisville 0 - Buffalo 0
TOP OF THE 3RD
Louisville Bats batting - Pitching for Buffalo Bisons : RHP Brian Harvey
Batting: RHB Walt McGraw 0-0: Swinging Strike
0-1: Ball
1-1: DOUBLE (Line Drive, 78D, EV 106.9 MPH)
Batting: RHB Ed Pride 0-0: Fly out, F8 (Flyball, 8LM, EV 81.9 MPH)
Batting: SHB Greg Jenniferl 0-0: Called Strike
0-1: DOUBLE (Line Drive, 9LM, EV 89.4 MPH)
Walt McGraw scores
Batting: LHB Edwin Longoria 0-0: Ball
1-0: Ball
2-0: Called Strike
2-1: Called Strike
2-2: Ball
3-2: Foul Ball, location: 7LMFF
3-2: Strikes out swinging
Batting: RHB Rodolfo Gutierrez 0-0: Ball
1-0: Called Strike
1-1: Foul Ball, location: 25F
1-2: Strikes out swinging
Top of the 3rd over - 1 run, 2 hits, 0 errors, 1 left on base; Louisville 1 - Buffalo 0
BOTTOM OF THE 3RD
Buffalo Bisons batting - Pitching for Louisville Bats : LHP Seth Jinks
Batting: RHB Alden Young 0-0: Ball
1-0: Ball
2-0: Foul Ball, location: 5F
2-1: DOUBLE (Flyball, 89XD, EV 105.6 MPH)
Batting: LHB Luis Rios 0-0: Called Strike
0-1: Called Strike
0-2: Ground out 4-3 (Groundball, 4M, EV 105.0 MPH)
Alden Young to third
Batting: RHB Franklin Padilla 0-0: Ball
1-0: Ball
2-0: Foul Ball, location: 9LMF
2-1: Ground out 1-3 (Groundball, 23, EV 64.4 MPH)
Batting: RHB Josh Sherman 0-0: SINGLE (Line Drive, 4D, EV 98.1 MPH)
Alden Young scores
Batting: LHB Brian Burton 0-0: Foul Ball, location: 2F
0-1: Ball
1-1: Ball
2-1: Foul Ball, location: 9LSF
2-2: Ball
Wild Pitch!
Josh Sherman to second
3-2: Base on Balls
Batting: RHB Justin Marquez 0-0: Ball
1-0: Ball
2-0: Foul Ball, location: 3F
2-1: Ball
3-1: Swinging Strike
3-2: Base on Balls
Josh Sherman to third
Brian Burton to second
Batting: RHB Joe Everson 0-0: Foul Ball, location: 2F
0-1: Ball
1-1: Foul Ball, location: 9LSF
1-2: Ball
2-2: Ground out 4-3 (Groundball, 4S, EV 65.0 MPH)
Bottom of the 3rd over - 1 run, 2 hits, 0 errors, 3 left on base; Louisville 1 - Buffalo 1
TOP OF THE 4TH
Louisville Bats batting - Pitching for Buffalo Bisons : RHP Brian Harvey
Batting: RHB Josh Simms 0-0: Ground out 5-3 (Groundball, 56S, EV 70.0 MPH)
Batting: RHB Rich Bruce 0-0: Called Strike
0-1: Called Strike
0-2: Strikes out swinging
Batting: RHB Andy Jackson 0-0: Called Strike
0-1: Foul Ball, location: 2F
0-2: Ball
1-2: Strikes out swinging
Top of the 4th over - 0 runs, 0 hits, 0 errors, 0 left on base; Louisville 1 - Buffalo 1
BOTTOM OF THE 4TH
Buffalo Bisons batting - Pitching for Louisville Bats : LHP Seth Jinks
Batting: LHB Matt Formosa 0-0: Ball
1-0: Ball
2-0: Ground out 4-3 (Groundball, 4M, EV 86.3 MPH)
Batting: RHB Nate Maine 0-0: Called Strike
0-1: Fly out, F4 (Popup, 4D, EV 48.8 MPH)
Batting: RHB Alden Young 0-0: Ball
1-0: Ball
2-0: Ball
3-0: Base on Balls
Batting: LHB Luis Rios 0-0: Ball
1-0: Ground out 4-3 (Groundball, 4, EV 107.5 MPH)
Bottom of the 4th over - 0 runs, 0 hits, 0 errors, 1 left on base; Louisville 1 - Buffalo 1
TOP OF THE 5TH
Louisville Bats batting - Pitching for Buffalo Bisons : RHP Brian Harvey
Batting: RHB Manny Hernandes 0-0: Called Strike
0-1: Foul Ball, location: 5F
0-2: Ball
1-2: Ball
2-2: Foul Ball, location: 2LF
2-2: Foul Ball, location: 3SF
2-2: Strikes out swinging
Batting: RHB Walt McGraw 0-0: Fly out, F1 (Line Drive, P, EV 71.9 MPH)
Batting: RHB Ed Pride 0-0: Called Strike
0-1: Called Strike
0-2: Strikes out swinging
Top of the 5th over - 0 runs, 0 hits, 0 errors, 0 left on base; Louisville 1 - Buffalo 1
BOTTOM OF THE 5TH
Buffalo Bisons batting - Pitching for Louisville Bats : LHP Seth Jinks
Batting: RHB Franklin Padilla 0-0: Called Strike
0-1: Foul Ball, location: 7LDF
0-2: Foul Ball, location: 2F
0-2: Ball
1-2: Fly out, F7 (Flyball, 7, EV 88.1 MPH)
Batting: RHB Josh Sherman 0-0: Ball
1-0: SINGLE (Groundball, 56D, EV 96.9 MPH)
Batting: LHB Brian Burton 0-0: Fly out, F8 (Flyball, 8LD, EV 105.6 MPH)
Batting: RHB Justin Marquez 0-0: Called Strike
0-1: Ball
1-1: Called Strike
1-2: Ball
2-2: Strikes out swinging
Bottom of the 5th over - 0 runs, 1 hit, 0 errors, 1 left on base; Louisville 1 - Buffalo 1
TOP OF THE 6TH
Louisville Bats batting - Pitching for Buffalo Bisons : RHP Brian Harvey
Batting: SHB Greg Jenniferl 0-0: Ball
1-0: Ball
2-0: Ball
3-0: Base on Balls
Batting: LHB Edwin Longoria 0-0: Ball
1-0: Called Strike
1-1: Foul Ball, location: 3F
1-2: Ball
2-2: Ball
3-2: Fielders Choice at 2nd, 4-6 (Groundball, 4, EV 85.6 MPH)
Batting: RHB Rodolfo Gutierrez 0-0: Called Strike
0-1: Ball
1-1: Called Strike
1-2: Foul Ball, location: 9LDF
1-2: Ball
2-2: Foul Ball, location: 2F
2-2: SINGLE (Groundball, 4D, EV 105.6 MPH)
Edwin Longoria to second
Edwin Longoria to third
Batting: RHB Josh Simms 0-0: Fly out, F9 (Flyball, 9S, EV 86.3 MPH)
Batting: RHB Rich Bruce 0-0: Swinging Strike
0-1: Ground out 5-3 (Groundball, 25, EV 85.6 MPH)
Top of the 6th over - 0 runs, 1 hit, 0 errors, 2 left on base; Louisville 1 - Buffalo 1
BOTTOM OF THE 6TH
Buffalo Bisons batting - Pitching for Louisville Bats : LHP Seth Jinks
Batting: RHB Joe Everson 0-0: Ball
1-0: DOUBLE (Flyball, 7LD, EV 106.3 MPH)
Batting: LHB Matt Formosa 0-0: Called Strike
0-1: Ball
1-1: Ball
2-1: Fly out, F8 (Flyball, 78M, EV 93.8 MPH)
Batting: RHB Nate Maine 0-0: Ball
1-0: Ground out 6-3 (Groundball, 6, EV 100.0 MPH)
Batting: RHB Alden Young 0-0: Called Strike
0-1: Called Strike
0-2: DOUBLE (Line Drive, 7LS, EV 106.9 MPH)
Joe Everson scores
Batting: LHB Luis Rios 0-0: Ball
1-0: Swinging Strike
1-1: Swinging Strike
1-2: Strikes out swinging
Bottom of the 6th over - 1 run, 2 hits, 0 errors, 1 left on base; Louisville 1 - Buffalo 2
TOP OF THE 7TH
Louisville Bats batting - Pitching for Buffalo Bisons : RHP Brian Harvey
Batting: RHB Andy Jackson 0-0: SINGLE (Groundball, 6M, EV 101.3 MPH) (infield hit)
Pinch Hitting: LHB John Small 0-0: Called Strike
0-1: Swinging Strike
0-2: Strikes out swinging
Batting: RHB Walt McGraw 0-0: Foul Ball, location: 2F
0-1: Ball
1-1: Fly out, F8 (Line Drive, 8RM, EV 95.0 MPH)
Batting: RHB Ed Pride 0-0: Called Strike
0-1: Called Strike
0-2: Ball
1-2: Ball
2-2: Ball
3-2: Foul Ball, location: 5F
3-2: Base on Balls
Andy Jackson to second
Pitching: RHP Brian Johnson
Batting: SHB Greg Jenniferl 0-0: Called Strike
0-1: Ball
1-1: Ball
2-1: Ball
3-1: Swinging Strike
3-2: Strikes out swinging
Top of the 7th over - 0 runs, 1 hit, 0 errors, 2 left on base; Louisville 1 - Buffalo 2
BOTTOM OF THE 7TH
Buffalo Bisons batting - Pitching for Louisville Bats : LHP Seth Jinks
Now at 1B: John Small
Batting: RHB Franklin Padilla 0-0: Called Strike
0-1: Ball
1-1: Ground out 6-3 (Groundball, 56, EV 83.1 MPH)
Batting: RHB Josh Sherman 0-0: Ball
1-0: DOUBLE (Line Drive, 89XD, EV 105.0 MPH)
Batting: LHB Brian Burton 0-0: Swinging Strike
0-1: Ball
1-1: Ball
2-1: Foul Ball, location: 7LDF
2-2: Foul Ball, location: 3FF
2-2: Ball
3-2: SINGLE (Line Drive, 4MD, EV 106.3 MPH)
Josh Sherman to third
Batting: RHB Justin Marquez 0-0: Ball
1-0: Called Strike
1-1: Ball
2-1: Fly out, F8 (Line Drive, 8LM, EV 86.3 MPH)
Runner from 3rd tags up, SCORES, throw by CF
Batting: RHB Joe Everson 0-0: Called Strike
0-1: Ball
Pickoff Throw to First - Error! E1
Brian Burton to second
1-1: Ball
2-1: Ball
3-1: Foul Ball, location: 2F
3-2: Base on Balls
Pitching: LHP Craig Wilson
Batting: LHB Matt Formosa 0-0: Called Strike
0-1: Ball
1-1: Foul Ball, location: 7LMF
1-2: Ball
2-2: Ball
3-2: Base on Balls
Brian Burton to third
Joe Everson to second
Batting: RHB Nate Maine 0-0: Called Strike
0-1: Called Strike
0-2: Fly out, F9 (Flyball, 89S, EV 78.8 MPH)
Bottom of the 7th over - 1 run, 2 hits, 1 error, 3 left on base; Louisville 1 - Buffalo 3
TOP OF THE 8TH
Louisville Bats batting - Pitching for Buffalo Bisons : RHP Brian Johnson
Pitching: RHP Mario Manzo
Batting: LHB Edwin Longoria 0-0: Called Strike
0-1: Ball
1-1: Foul Ball, location: 7LDF
1-2: Foul Ball, location: 2F
1-2: Ball
2-2: Strikes out swinging
Batting: RHB Rodolfo Gutierrez 0-0: Called Strike
0-1: Fly out, F9 (Flyball, 9LM, EV 95.6 MPH)
Batting: RHB Josh Simms 0-0: Fly out, F9 (Flyball, 9, EV 93.1 MPH)
Top of the 8th over - 0 runs, 0 hits, 0 errors, 0 left on base; Louisville 1 - Buffalo 3
BOTTOM OF THE 8TH
Buffalo Bisons batting - Pitching for Louisville Bats : LHP Craig Wilson
Pitching: RHP Matt Trent
Batting: RHB Alden Young 0-0: Called Strike
0-1: Swinging Strike
0-2: Strikes out swinging
Batting: LHB Luis Rios 0-0: Ball
1-0: Ball
2-0: Ground out 5-3 (Groundball, 56, EV 89.4 MPH)
Batting: RHB Franklin Padilla 0-0: Ball
1-0: Ball
2-0: Called Strike
2-1: Called Strike
2-2: Foul Ball, location: 3F
2-2: Foul Ball, location: 2F
2-2: Ball
3-2: Fly out, F7 (Flyball, 7, EV 75.6 MPH)
Bottom of the 8th over - 0 runs, 0 hits, 0 errors, 0 left on base; Louisville 1 - Buffalo 3
TOP OF THE 9TH
Louisville Bats batting - Pitching for Buffalo Bisons : RHP Mario Manzo
Batting: RHB Rich Bruce 0-0: Called Strike
0-1: Ball
1-1: Fly out, F8 (Flyball, 8LD, EV 98.1 MPH)
Batting: RHB Andy Jackson 0-0: Fly out, F7 (Flyball, 7, EV 93.1 MPH)
Batting: LHB John Small 0-0: Ball
1-0: SOLO HOME RUN (Flyball, 9D, EV 97.5 MPH), Distance : 372 ft
Batting: RHB Walt McGraw 0-0: Ground out 4-3 (Groundball, 34S, EV 89.4 MPH)
Top of the 9th over - 1 run, 1 hit, 0 errors, 0 left on base; Louisville 2 - Buffalo 3
Wednesday, May 8th , 2024 - OOTP Baseball 24.11 Build 85